SCAREDSCUM, neutral female scurrid Tourist # ------------- ----+----- #. | ------ | .#####| | ##. | -------------- | | # #| | # | +# #+ | | +### #| |####. |# #| | ----- | #| -----# # |^ |# #. | | .# #-.-------##### # ------# #| | | | ########### # # #---.---------- -.---- # # # # # ### # ### # #### # # ### # # #-------- # ## # ##############|......--------# -.---------- ######### #--+----# #|....S...$.l...# | | -.------------- #|......######.....S@.......|# | > | | .#### #|......# #|....>.........# # | | | { | #|.....| #+.............| ### | { | | +##############|%.<..| #--------------- # | | | | ------- ################### ------------ --------------- SCAREDSCUM the Rambler Experience level: 1 Strength: 10 Dexterity: 10 Constitution: 14 Intelligence: 14 Wisdom: 10 Charisma: 17 Health: 0(9) Energy: 2(2) Def: 0 Gold: 594 Moves: 462 Dungeon seed: mRdLdlvfkADp5NEz Game ID: SCAREDSCUM_1498717151 Your Inventory: Coins $ - 594 gold pieces Weapons a - 42 uncursed +2 darts (in quiver) Armor e - an uncursed +0 Hawaiian shirt (being worn) Comestibles b - an uncursed chestnut c - 4 uncursed food rations d - an uncursed sprig of wolfsbane f - an uncursed tin of newt meat g - 3 uncursed tripe rations h - an uncursed tin of spinach Scrolls j - 3 uncursed scrolls of magic mapping q - a blessed scroll of teleportation Potions i - 2 uncursed potions of extra healing s - an uncursed potion of paralysis Rings p - an uncursed ring of cold resistance Wands n - an uncursed wand of secret door detection (0:13) r - an uncursed wand of enlightenment (0:14) Tools l - an uncursed expensive camera (0:71) m - an uncursed credit card o - an uncursed oil lamp (0:1154) Spells and supernatural/magical abilities: Name Level Category Fail Memory W - pray for help -- divine ? -- Your skills at the end: Miscellaneous Skills wands [Basic] Weapon Skills dart [Basic] Spellcasting Skills Final Attributes: You were devoutly aligned. You had infravision. You were very stealthy. You are dead. Vanquished creatures: a jackal 3 newts a grid bug a lichen 6 creatures vanquished. Voluntary challenges: You went without food. You did not adorn yourself with jewelry or accessories. You did not cause conflict. You were not invisible. You did not have reflection. You were not displaced. You were an atheist. You never hit with a wielded weapon. You were a pacifist. You did not use tools. You did not use sinks. You did not drink any magical draughts. You read items or engraved 1 time, starting on turn 442. You never genocided any monsters. You never polymorphed an object. You never changed form. You used no wishes. You never split a pudding. You never wrote Elbereth's name. You never violated your personal moral code. Dungeon overview: The Dungeons of Doom: levels 1 to 4 Level 1 an altar to Offler a long staircase Level 2 Level 3 Level 4 <- You were here some fountains a long staircase History has recorded: On T:1 you entered the Dungeons of Doom to retrieve the Amulet of Yendor! On T:271 you reached level 2 of The Dungeons of Doom. On T:332 you reached level 3 of The Dungeons of Doom. On T:441 you reached level 4 of The Dungeons of Doom. Score breakdown: Gold: 220 ( 22 points) Experience: 1 level ( 0 points) Exploration: 4 levels ( 90 points) Discoveries: 4 items ( 200 points) Variety of kills: 4 monsters ( 200 points) Major goal: (nothing yet) ( 0 points) Survival: died (score multiplied by 3) Total score: 1536 Latest messages: You continue digging. You succeed in cutting away some rock. You start chewing a hole in the rock. You continue digging. You succeed in cutting away some rock. You start chewing a hole in the rock. You continue digging. You succeed in cutting away some rock. You start chewing a hole in the rock. You continue digging. You succeed in cutting away some rock. You start chewing a hole in the rock. You continue digging. You make an opening in the wall. That is a silly thing to drink. That is a silly thing to drink. An endless stream of snakes pours forth! The water moccasin bites! (2x) You die... Final status: Aloha SCAREDSCUM the Tourist, killed by a water moccasin... You died in The Dungeons of Doom on dungeon level 4 with 1536 points, and 594 pieces of gold, after 462 moves. You were level 1 with a maximum of 9 hit points when you died.